 Dungeon Crawl Stone Soup version 0.17-a0-285-ge95019c (webtiles) character file.

2450 Sixotanaka the Impaler (level 9, -14/61 HPs)
             Began as a Merfolk Gladiator on Mar 30, 2015.
             Was a Priest of Okawaru.
             Demolished by an orc warrior
             ... wielding a +0 war axe
              (21 damage)
             ... on level 8 of the Dungeon.
             The game lasted 00:26:11 (9910 turns).

Sixotanaka the Impaler (Merfolk Gladiator)          Turns: 9910, Time: 00:26:11

Health: -14/61     AC:  5    Str: 18    XL:     9   Next: 49%
Magic:  8/8        EV: 22    Int:  7    God:    Okawaru [***...]
Gold:   359        SH:  0    Dex: 15    Spells: 0 memorised, 8 levels left

rFire  . . .     SeeInvis .     a - +0 halberd
rCold  + . .     Clarity  .     T - +0 leather armour
rNeg   . . .     SustAb   .     (no shield)
rPois  .         Gourm    .     K - +0 helmet
rElec  .         Spirit   .     (no cloak)
rCorr  .         Warding  .     (no gloves)
rMut   .         Stasis   .     Q - +0 pair of boots
MR     .....                    P - amulet of faith {!P}
Stlth  +.........               v - ring of protection from cold
                                L - +6 ring of evasion

@: not resistant to hostile enchantments, very unstealthy
A: change form in water, swift swim
a: Heroism, Renounce Religion


You were on level 8 of the Dungeon.
You worshipped Okawaru.
Okawaru was most pleased with you.
You were not hungry.

You visited 1 branch of the dungeon, and saw 8 of its levels.

You collected 359 gold pieces.


   Skills:
 - Level 2.1 Fighting
 - Level 15.8 Polearms
 - Level 2.0 Throwing
 + Level 7.3 Dodging


You had 8 spell levels left.
You didn't know any spells.

Dungeon Overview and Level Annotations

Branches:
Dungeon (8/15)             Temple (0/1) D:6
   Lair: D:8-11

Altars:
Kikubaaqudgha
Makhleb
Nemelex Xobeh
Okawaru
Ru
Trog
Zin

Shops:
D:6 !*   D:7 :

Inventory:

Hand weapons
 a - a +0 halberd (weapon)
 b - a +0 blowgun
Missiles
 d - 2 throwing nets
 p - 4 curare-tipped needles
 q - 48 poisoned needles
 D - 6 tomahawks (quivered)
Armour
 K - a +0 helmet (worn)
 Q - a +0 pair of boots (worn)
 T - a +0 leather armour (worn)
Rods
 R - a +2 rod of the swarm (9/9) {!a}
   (You found it on level 8 of the Dungeon)
Jewellery
 i - an uncursed ring of teleportation
 v - a ring of protection from cold (right hand)
 y - an uncursed amulet of clarity
 z - a +3 ring of intelligence
 A - an uncursed ring of fire
 L - a +6 ring of evasion (left hand)
 P - an amulet of faith (around neck) {!P}
Magical devices
 E - a wand of confusion (16)
 J - a wand of random effects (42)
 O - a wand of paralysis (6)
 V - a wand of cold (5)
Scrolls
 g - 4 scrolls of enchant armour {unknown}
 j - 4 scrolls of magic mapping
 l - 4 scrolls of identify {@r1}
 o - 2 scrolls of fog {unknown}
 s - 3 scrolls of remove curse {@r2}
 u - a scroll of noise {unknown}
 B - 2 scrolls of random uselessness {unknown}
 F - 3 scrolls of enchant weapon {unknown}
 G - 3 scrolls of teleportation {@r4}
 I - 2 scrolls of recharging {unknown}
 N - a scroll of immolation {unknown}
 U - a scroll of silence {unknown}
Potions
 c - a potion of brilliance
 e - a potion of ambrosia {!q}
 h - 3 potions of resistance
 k - 3 potions of mutation {!q}
 m - a potion of cancellation {unknown}
 n - a potion of might
 r - a potion of heal wounds {unknown}
 t - a potion of restore abilities {unknown}
 x - a potion of curing {@q1}
 H - 2 potions of poison {!q}
 M - a potion of flight {unknown}
Books
 S - a book of Enchantments
Comestibles
 f - 3 bread rations
 w - 3 meat rations
 C - a beef jerky
 W - a slice of pizza
 X - 7 chunks of flesh

.#.##.#####..........#......#....
....#.#...#..........#......#....
....#.#.#.#.######.....######....
....#.......# #.........# #....
....#.......# #.........# #....
##..#.....#.#####.........# #....
####.....#.##...........># #....
#####.....#.##.##)........# #....
......)...#.....@o........# #....
.........#####............###..[.
.........<......#.........##.....
#######.#.#####.#<........##....#
#######.#)....#.#.........##....#
.........##.........###########..
..........#.#.#.#.####### #...
....).....#.#.....#.....# #...
..........#.###.###.....# #...


You could see an orc warrior.


Message History

You impale the orc wizard!!
You kill the orc wizard!
Okawaru accepts your kill.
Your Dodging skill increases to level 7!
No target in view!
Things that are here:
a dagger; a robe; an orc corpse You butcher the orc corpse.
X - 4 chunks of flesh
Things that are here:
a dagger; a robe You start resting.
Eating one of 4 chunks of flesh.
You continue eating. x2
A giant frog comes into view.
A giant frog is nearby!
A giant frog is nearby!
The giant frog gives a loud, deep croak!
You slash the giant frog! The giant frog completely misses you.
You hit the giant frog. The giant frog completely misses you.
You barely miss the giant frog.
The giant frog hits you but does no damage.
The giant frog barely misses you.
You slash the giant frog!
You kill the giant frog!
Okawaru accepts your kill.
No target in view!
You see here a giant frog corpse.
You butcher the giant frog corpse.
X - 7 chunks of flesh (gained 4)
An orc comes into view.
An orc is nearby!
An orc is nearby!
The orc shouts!
An orc warrior comes into view. It is wielding a war axe.
Attack whom?
You reach to attack!
You closely miss the orc.
The orc warrior shouts!
Attack whom?
You reach to attack!
You hit the orc. You barely miss the orc. The orc misses you.
There isn't anything here!
You slash the orc!
You kill the orc!
Okawaru accepts your kill.
Attack whom?
You reach to attack!
You closely miss the orc warrior.
Attack whom?
You closely miss the orc warrior.
The orc warrior hits you with a war axe.
You closely miss the orc warrior. You hit the orc warrior.
The orc warrior closely misses you.
You barely miss the orc warrior. You puncture the orc warrior!
The orc warrior closely misses you.
You hit the orc warrior but do no damage.
You hit the orc warrior but do no damage.
The orc warrior hits you with a war axe!!
You barely miss the orc warrior. You closely miss the orc warrior.
The orc warrior closely misses you.
You hit the orc warrior.
The orc warrior hits you with a war axe!!
* * * LOW HITPOINT WARNING * * *
You barely miss the orc warrior. You closely miss the orc warrior.
The orc warrior closely misses you.
You hit the orc warrior but do no damage.
The orc warrior completely misses you.
The orc warrior hits you with a war axe!
* * * LOW HITPOINT WARNING * * *
There is a stone staircase leading up, spattered with blood here.
The orc warrior hits you with a war axe!!
You die...

Action                   |  1- 3 |  4- 6 |  7- 9 || total
-------------------------+-------+-------+-------++-------
Melee: Trident           |    92 |   227 |   130 ||   449
       Halberd           |       |       |   419 ||   419
 Fire: Blowgun           |       |       |     1 ||     1
Throw: Throwing net      |     2 |     2 |     1 ||     5
       Tomahawk          |       |       |     4 ||     4
Invok: Heroism           |       |       |     8 ||     8
  Use: Scroll            |       |     2 |     8 ||    10
       Potion            |       |       |     3 ||     3
 Stab: Sleeping          |       |     2 |       ||     2
       Distracted        |       |       |     1 ||     1
       Held in net/web   |       |       |     1 ||     1
  Eat: Chunk             |     3 |    10 |    15 ||    28
       Pizza             |       |       |     1 ||     1

Vault maps used:
D:1:      minmay_arrival_loop, dk_noncrumbling_3
D:2:      first_bread, lemuel_flame_loot_1
D:3:      nicolae_overflow_hidden_temple, portal_sewer_entry_d,
          minmay_joined_circles
D:4:      nicolae_ru_awakened_eye, kennysheep_little_box
D:5:      st_stairs_6, abandoned_shop
D:6:      temple_statues, serial_shops, shop, nicolae_alphabet_shops,
          hangedman_decor_clover_reticule
D:7:      nicolae_overflow_crystal_walls, serial_shops, nicolae_shop_trees
D:8:      kennysheep_vampire_church, nemelex_xobeh_ov_fountains_minmay,
          zin_treasury

Notes
Turn   | Place    | Note
--------------------------------------------------------------
     0 | D:1      | Sixotanaka, the Merfolk Gladiator, began the quest for the Orb.
     0 | D:1      | Reached XP level 1. HP: 16/16 MP: 0/0
   257 | D:1      | Reached skill level 5 in Polearms
   299 | D:1      | Reached XP level 2. HP: 22/22 MP: 1/1
  1215 | D:2      | Reached XP level 3. HP: 27/27 MP: 2/2
  1375 | D:2      | Reached skill level 6 in Polearms
  1915 | D:2      | Reached skill level 7 in Polearms
  1915 | D:2      | Reached XP level 4. HP: 9/33 MP: 3/3
  2310 | D:3      | Noticed a scorpion
  2324 | D:3      | Killed a scorpion
  2324 | D:3      | Reached skill level 8 in Polearms
  2324 | D:3      | Reached XP level 5. HP: 16/38 MP: 4/4
  2753 | D:3      | Noticed a centaur
  3230 | D:3      | Reached skill level 9 in Polearms
  3276 | D:3      | Found an iron altar of Okawaru.
  3543 | D:4      | Reached XP level 6. HP: 34/44 MP: 5/5
  3621 | D:4      | Found a sacrificial altar of Ru.
  3782 | D:4      | Found a bloodstained altar of Trog.
  4503 | D:4      | Reached skill level 10 in Polearms
  4567 | D:3      | Became a worshipper of Warmaster Okawaru
  4716 | D:5      | Entered Level 5 of the Dungeon
  5080 | D:5      | Reached skill level 11 in Polearms
  5080 | D:5      | Reached XP level 7. HP: 27/50 MP: 6/6
  5856 | D:5      | Acquired Okawaru's first power
  6085 | D:5      | Reached skill level 12 in Polearms
  6399 | D:6      | Found Tojonkeno's Distillery.
  6437 | D:6      | HP: 9/50 [orc warrior/mace (11)]
  6438 | D:6      | HP: 4/50 [orc warrior/mace (5)]
  6441 | D:6      | Reached XP level 8. HP: 4/56 MP: 4/7
  6874 | D:6      | Reached skill level 13 in Polearms
  7143 | D:6      | Found Eeoxache's Eclectic Emporium.
  7261 | D:6      | Reached skill level 14 in Polearms
  7509 | D:6      | Found a staircase to the Ecumenical Temple.
  7907 | D:7      | HP: 13/56 [killer bee (9)]
  7910 | D:7      | HP: 2/56 [killer bee (6)]
  8420 | D:7      | Found Oxeuty's Book Boutique.
  8520 | D:7      | Reached skill level 15 in Polearms
  8534 | D:7      | Found a burning altar of Makhleb.
  8638 | D:7      | Reached XP level 9. HP: 52/61 MP: 8/8
  8962 | D:8      | Found a sparkling altar of Nemelex Xobeh.
  9054 | D:8      | Reached skill level 5 in Dodging
  9214 | D:8      | Found a glowing silver altar of Zin.
  9440 | D:8      | Reached skill level 6 in Dodging
  9709 | D:8      | Identified a +2 rod of the swarm (9/9) (You found it on level 8 of the Dungeon)
  9744 | D:8      | Found an ancient bone altar of Kikubaaqudgha.
  9811 | D:8      | Reached skill level 7 in Dodging
  9903 | D:8      | HP: 6/61 [orc warrior/war axe (17)]
  9910 | D:8      | Demolished by an orc warrior

Vanquished Creatures
  A hippogriff (D:8)
  An orc warrior (D:6)
  A black bear (D:6)
  An ice beast (D:7)
  3 ogres
  A centaur (D:8)
  A phantom (D:5)
  2 giant frogs
  A scorpion (D:3)
  9 killer bees
  A centaur zombie (D:6)
  3 goliath beetles
  2 vampire bats (D:8)
  4 crimson imps
  A giant frog skeleton (D:4)
  3 hounds
  3 orc priests
  A gnoll shaman (D:5)
  2 orc wizards
  3 worker ants
  A hound zombie (D:6)
  6 gnolls (D:5)
  7 adders
  2 worms
  3 giant mites
  An adder skeleton (D:6)
  3 adder zombies
  6 giant geckos
  An ooze (D:2)
  23 orcs
  2 ball pythons
  13 bats
  7 bat skeletons
  2 bat zombies (D:8)
  13 hobgoblins
  21 jackals
  10 quokkas
  4 giant cockroaches
  A giant gecko skeleton (D:5)
  3 giant newts
  13 goblins
  12 kobolds
  8 rats
  A ballistomycete (D:6)
207 creatures vanquished.

Vanquished Creatures (others)
  A hound (D:6)
  A giant spore (D:6)
2 creatures vanquished.

Grand Total: 209 creatures vanquished
